 Dungeon Crawl Stone Soup version 0.31-a0-636-ge1c0e020e0 (webtiles) character file.

Game seed: 15299330468487677354

3829 Shayle the Fighter (level 10, -9/107 (109) HPs)
             Began as an Ogre Shapeshifter on Aug 27, 2023.
             Was an Initiate of Ashenzari.
             Mangled by a troll (10 damage)
             ... on level 7 of the Dungeon.
             The game lasted 00:17:16 (7302 turns).

Shayle the Fighter (Ogre Shapeshifter)              Turns: 7302, Time: 00:17:17

HP:   -9/107 (109)  AC: 10    Str: 20    XL:     10   Next: 17%
MP:   21/21         EV:  9    Int: 15    God:    Ashenzari [......]
Gold: 387           SH:  0    Dex:  8    Spells: 21/24 levels left

rFire   . .          .
                       - Unarmed
rCold   . . .        (no shield)
rNeg    . . .        h - +0 steam dragon scales
rPois   +            (helmet currently unavailable)
rElec   .            (cloak currently unavailable)
rCorr   .            (gloves unavailable)
SInv    .            (boots unavailable)
Will    +....        r - amulet of regeneration
Stlth   +            o - +4 ring of protection
HPRegen 1.17/turn    n - ring of Ashenzari's Fetters {rPois, Self, Fort} (curse)
MPRegen 0.17/turn

%: no passive effects
@: mighty, about to teleport, beast-form, lightly drained
A: beast (slay +1), large, unfitting armour, tough skin 1
a: Begin Untransformation, Renounce Religion, Curse Item, Shatter the Chains


You were on level 7 of the Dungeon.
You worshipped Ashenzari.
Ashenzari was noncommittal.
You were a hulking beast.
You visited 2 branches of the dungeon, and saw 9 of its levels.

You collected 387 gold pieces.

Inventory:

Hand Weapons
 l - a +2 short sword of protection
Armour
 a - a +0 animal skin
 h - +0 steam dragon scales (worn)
Jewellery
 n - the cursed ring of Ashenzari's Fetters (right hand) {rPois, Self, Fort}
   (You found it on level 2 of the Dungeon)

   [ring of poison resistance]

   rPois:     It protects you from poison It has a curse which improves the
   following skills: Introspection: Fighting and Spellcasting.
   Fortitude: Armour and Shields.
 o - a +4 ring of protection (left hand)
 p - a ring of protection from cold
 r - an amulet of regeneration (around neck)
 s - a ring of willpower
Talismans
 c - a beast talisman (active)
 d - a flux talisman
Scrolls
 g - 5 scrolls of revelation
 m - 3 scrolls of amnesia
 q - 2 scrolls of vulnerability
Potions
 i - a potion of might
 u - a potion of degeneration {unknown}
 v - 2 potions of brilliance
 w - a potion of mutation {unknown}


   Skills:
 + Level 9.3(9.7) Fighting
 + Level 2.9(3.3) Armour
 - Level 1.7 Dodging
 + Level 7.0 Unarmed Combat
 + Level 7.5(7.9) Spellcasting
 + Level 3.1 Conjurations
 + Level 3.2 Air Magic
 + Level 3.1 Poison Magic
 - Level 3.0 Shapeshifting


You had 21 spell levels left.
You knew the following spells:

 Your Spells              Type           Power      Damage    Failure   Level
a - Mephitic Cloud        Conj/Pois/Air  15%        N/A       10%         3

Your spell library contained the following spells:

 Spells                   Type           Power      Damage    Failure   Level
 Magic Dart               Conj           60%        1d6       3%          1
 Call Imp                 Summ           10%        N/A       19%         2
 Ozocubu's Armour         Ice            5%         N/A       36%         3
 Tukima's Dance           Hex            5%         N/A       36%         3
 Passage of Golubria      Tloc           5%         N/A       77%         4
 Metabolic Englaciation   Hex/Ice        2%         N/A       98%         5
 Yara's Violent Unravell  Hex/Tmut       2%         3d3       98%         5
 Simulacrum               Ice/Necr       2%         N/A       100%        6


Dungeon Overview and Level Annotations

Branches:
Dungeon (8/15)             Temple (1/1) D:5            Lair (0/5) D:8

Altars:
Ashenzari
Cheibriados
Dithmenos
Fedhas
Hepliaklqana
Kikubaaqudgha
Makhleb
Nemelex Xobeh
Okawaru
Qazlal
Ru
Trog
Vehumet
Wu Jian
Xom
Yredelemnul
Zin
The Shining One

Shops:
D:1 =

Annotations:
D:7 Jeremiah


Innate Abilities, Weirdness & Mutations

You are a hulking beast.
Your limbs bulge with bestial killing power. (Slay +1)
You are too large for most types of armour.
You have tough skin. (AC +1)


Message History

The troll barely misses you.
You feel better. The troll bites you but does no damage.
The troll claws you but does no damage. The troll barely misses you.
You hit the troll.
The troll is heavily wounded.
The troll bites you.
* * * LOW HITPOINT WARNING * * *
The troll claws you.
* * * LOW HITPOINT WARNING * * *
The troll barely misses you.
You punch the troll!
The troll is severely wounded.
Your surroundings suddenly seem different.
You start resting.
A troll is nearby!
Aiming: Charm
Press: ? - help, Shift-Dir - straight line, f/p - troll
Aim: a troll (moderately wounded, chance to affect: 49%)
The troll resists with some effort.
The now-empty wand crumbles to dust.
It was a potion of might.
You feel very mighty all of a sudden.
Unknown command.
Okay, then.
As you read the scroll of teleportation, it crumbles to dust.
You feel strangely unstable.
You hit the troll.
The troll is moderately wounded.
The troll bites you.
* * * LOW HITPOINT WARNING * * *
The troll claws you!
* * * LOW HITPOINT WARNING * * *
The troll barely misses you.
You pummel the troll!!
The troll is almost dead.
The troll bites you!
* * * LOW HITPOINT WARNING * * *
The troll claws you!
* * * LOW HITPOINT WARNING * * *
The troll claws you!
You die...

#.#######...###..#.#
..# ###...###..# ..#
###......# ###
##.##### # #.##
#..## #...# #..T#
#..h# #####


You could see a troll.

Vanquished Creatures
  Pikel (D:5)
  A komodo dragon (D:8)
  Grinder (D:4)
  Sigmund (D:4)
  A wyvern (D:7)
  A steam dragon (D:6)
  A water moccasin (D:6)
  A black bear (D:6)
  A sky beast (D:5)
  An orc warrior (D:8)
  2 ice beasts
  A centaur (D:8)
  3 kobold brigands (D:8)
  A gnoll sergeant (D:6)
  2 scorpions
  A wight (D:7)
  A killer bee (D:7)
  3 electric eels (D:6)
  2 howler monkeys
  2 jellies
  A gnoll bouda (D:6)
  2 hounds (D:5)
  2 orc priests
  6 orc wizards
  3 iguanas
  5 adders
  7 gnolls
  A shadow imp (D:5)
  A white imp (D:6)
  3 worms (D:2)
  7 dart slugs
  14 orcs
  4 ball pythons
  4 endoplasms
  2 giant cockroaches
  7 hobgoblins
  2 quokkas
  3 bats
  A frilled lizard (D:2)
  9 goblins
  20 kobolds
  5 rats
137 creatures vanquished.

Vanquished Creatures (collateral kills)
  A cyclops (D:7)
  A centaur (D:7)
  A wight (D:7)
3 creatures vanquished.

Vanquished Creatures (others)
  A hornet (D:7)
  A human (D:5)
  2 gnolls
  An orc (D:6)
5 creatures vanquished.

Grand Total: 145 creatures vanquished

Notes
Turn   | Place    | Note
-------+----------+-------------------------------------------
     0 | D:1      | Shayle the Ogre Shapeshifter began the quest for the Orb.
     0 | D:1      | Reached XP level 1. HP: 19/19 MP: 1/1
   125 | D:1      | Reached XP level 2. HP: 25/28 MP: 1/3
   168 | D:1      | Reached skill level 2 in Fighting
   252 | D:1      | Reached skill level 1 in Spellcasting
   576 | D:1      | Found Toxzall's Jewellery Emporium.
  1100 | D:2      | Reached XP level 3. HP: 36/36 MP: 3/5
  1774 | D:3      | Reached skill level 3 in Fighting
  1774 | D:3      | Reached XP level 4. HP: 33/45 MP: 5/7
  1902 | D:3      | Found a shimmering altar of Xom.
  2537 | D:3      | Found a shadowy altar of Dithmenos.
  2583 | D:4      | Reached XP level 5. HP: 39/54 MP: 8/8
  2785 | D:4      | Reached skill level 4 in Fighting
  2815 | D:4      | Reached XP level 6. HP: 35/63 MP: 9/11
  3244 | D:4      | Noticed Sigmund
  3252 | D:4      | Killed Sigmund
  3253 | D:4      | Reached skill level 5 in Fighting
  3301 | D:4      | Noticed Grinder
  3317 | D:4      | Killed Grinder
  3318 | D:4      | Reached skill level 6 in Fighting
  3318 | D:4      | Reached XP level 7. HP: 47/75 MP: 12/14
  3669 | D:5      | Entered Level 5 of the Dungeon
  3673 | D:5      | Noticed Pikel
  3698 | D:5      | Reached skill level 5 in Unarmed Combat
  3718 | D:5      | Reached skill level 5 in Spellcasting
  3756 | D:5      | Found a staircase to the Ecumenical Temple.
  3774 | Temple   | Entered the Ecumenical Temple
  3798 | Temple   | Became a worshipper of Ashenzari the Shackled
  3897 | D:5      | Reached XP level 8. HP: 73/84 MP: 14/16
  4111 | D:5      | Killed Pikel
  4112 | D:5      | Reached skill level 7 in Fighting
  4466 | D:5      | Learned a level 3 spell: Mephitic Cloud
  4640 | D:5      | Found an ancient bone altar of Kikubaaqudgha.
  4975 | D:6      | Found a sacrificial altar of Ru.
  4976 | D:6      | Found a snail-covered altar of Cheibriados.
  5021 | D:6      | Reached skill level 8 in Fighting
  5163 | D:6      | Reached skill level 1 in Armour
  5163 | D:6      | Reached skill level 1 in Conjurations
  5163 | D:6      | Reached skill level 1 in Air Magic
  5163 | D:6      | Reached skill level 1 in Poison Magic
  5163 | D:6      | Reached XP level 9. HP: 97/97 MP: 19/19
  5862 | D:7      | Noticed Jeremiah
  6365 | D:7      | Noticed a hornet
  6395 | D:7      | Noticed a cyclops
  6405 | D:7      | Noticed a troll
  6405 | D:7      | Noticed a two-headed ogre
  6406 | D:7      | Noticed a two-headed ogre
  6408 | D:7      | Killed a cyclops
  6446 | D:7      | Reached skill level 9 in Fighting
  6461 | D:7      | You fall into a shaft and drop 1 floor!
  6566 | D:8      | Identified the +3 plate armour "Rosu" {+Inv Str+6 Int-3}
  6612 | D:8      | Found a staircase to the Lair.
  6612 | D:8      | Noticed a komodo dragon
  6627 | D:8      | Killed a komodo dragon
  6628 | D:8      | Reached XP level 10. HP: 107/107 MP: 21/21
  6761 | D:8      | Identified the +0 ring mail of the Crypt {rElec rPois rC+
                  | Dex+3}
  7302 | D:7      | HP: 1/107 [troll (8)]
  7302 | D:7      | Mangled by a troll

Illustrated notes

Levels and vault maps discovered:
D:1:      dpeg_arrival_renting, layout_basic, serial_shops, nicolae_shop_trees,
          nrook_mini_backslash
D:2:      cheibrodos_old_hovel, layout_basic
D:3:      layout_basic, mainiacjoe_overflow_small_starburst,
          mainiacjoe_overflow_alcove_1
D:4:      layout_loops_ring, uniq_sigmund, uniq_grinder
D:5:      layout_basic, tgw_kikubaaqudgha, minmay_temple_entry_grid, uniq_pikel
D:6:      layout_basic, minitemple, serial_bayou, serial_bayou_pond_c,
          serial_bayou_shore_a, serial_bayou_pond_a, serial_bayou_ford_a,
          serial_bayou_lagoon_a
D:7:      minmay_the_grid_triangle_9x9_recursive_2
          [minmay_the_grid_triangle_9x9_prize_schism,
          minmay_the_grid_triangle_9x9_from_above,
          minmay_the_grid_triangle_9x9_odd_lines,
          minmay_the_grid_triangle_9x9_windchime], layout_rooms,
          lemuel_coloured_pillars_altar, uniq_jeremiah, uniq_crazy_yiuf_cottage
D:8:      layout_basic, david_lair_shrubbed
Temple:   nicolae_temple_ecumenical_triangle

Skill      XL: |  1  2  3  4  5  6  7  8  9 10 |
---------------+-------------------------------+-----
Fighting       | 2 3 4 6 8 9 |  9.3
Spellcasting   | 1 2 3 4 5 6 7 |  7.5
Unarmed Combat | 3 4 5 6 7 |  7.0
Armour         | 1 2 |  2.9
Conjurations   | 1 3 |  3.1
Air Magic      | 1 2 3 |  3.2
Poison Magic   | 1 2 3 |  3.1
Dodging        | |  1.7
Shapeshifting  | |  3.0

Action                     |  1- 3 |  4- 6 |  7- 9 | 10-12 || total
---------------------------+-------+-------+-------+-------++-------
  Melee: Unarmed           |    82 |   154 |   233 |    70 ||   539
         Punch             |     2 |     2 |     4 |     4 ||    12
  Throw: Throwing net      |       |       |       |     1 ||     1
 Invoke: Curse Item        |       |       |     1 |       ||     1
  Evoke: Wand              |       |       |    14 |     3 ||    17
    Use: Scroll            |     4 |     3 |     6 |     3 ||    16
         Potion            |     2 |     2 |     5 |     3 ||    12
 Armour: Animal skin       |    23 |    51 |    34 |       ||   108
         Skin              |       |     1 |    13 |       ||    14
         Steam dragon scal |       |       |    48 |    27 ||    75
  Dodge: Dodged            |    27 |    56 |   107 |    32 ||   222

Table legend: (Time is in decaauts)
 A = Elapsed time spent in this place.
 B = Non-inter-level travel time spent in this place.
 C = Inter-level travel time spent in this place.
 D = Time resting spent in this place.
 E = Time spent auto-exploring this place.
 F = Levels seen in this place.
 G = Mean time per level.
                   A        B        C        D        E       F      G
               +--------+--------+--------+--------+--------+-----+--------+
         Total |   7279 |   7033 |    246 |   1319 |   4174 |   9 |  808.8 |
       Dungeon |   7244 |   7028 |    216 |   1319 |   4174 |   8 |  905.5 |
        Temple |     35 |      5 |     30 |      0 |      0 |   1 |   35.0 |
               +--------+--------+--------+--------+--------+-----+--------+

Top non-repeatable levels by time:
     D:6: 1301 daAuts
     D:5: 1157 daAuts
     D:4: 1108 daAuts
     D:2: 1009 daAuts
     D:1: 898 daAuts
     D:8: 738 daAuts
     D:3: 646 daAuts
     D:7: 383 daAuts
  Temple: 35 daAuts
